 Dungeon Crawl Stone Soup version 0.31-a0-145-g046c7d2549 (webtiles) character file.

Game seed: 13786872693947565482

187 Kenran the Slasher (level 5, 0/41 HPs)
             Began as a Human Berserker on June 4, 2023.
             Was a Believer of Trog.
             Slain by a goblin
             ... wielding a +0 club
             ... led by Robin
              (3 damage)
             ... on level 3 of the Dungeon.
             The game lasted 00:03:27 (1960 turns).

Kenran the Slasher (Human Berserker)                Turns: 1960, Time: 00:03:28

Health: 0/41       AC:  5    Str: 18    XL:     5   Next: 99%
Magic:  5/5        EV: 16    Int:  7    God:    Trog [**....]
Gold:   103        SH:  0    Dex: 14    Spells: 4/4 levels left

rFire   + . .        a - +0 falchion
rCold   . . .        (no shield)
rNeg    . . .        f - +0 ring mail
rPois   .            (no helmet)
rElec   .            (no cloak)
rCorr   .            (no gloves)
SInv    .            (no boots)
Will    .....        (no amulet)
Stlth   +            g - ring of protection from fire
HPRegen 0.26/turn    n - +5 ring of evasion
MPRegen 0.09/turn

%: no passive effects
@: on berserk cooldown, slowed, very slow
A: no striking features
a: Renounce Religion, Berserk, Trog's Hand


You were on level 3 of the Dungeon.
You worshipped Trog.
Trog was pleased with you.
You visited 1 branch of the dungeon, and saw 3 of its levels.

You collected 103 gold pieces.

Inventory:

Hand Weapons
 a - a +0 falchion (weapon)
Armour
 f - a +0 ring mail (worn)
Jewellery
 g - a ring of protection from fire (left hand)
 n - a +5 ring of evasion (right hand)
Wands
 m - a wand of polymorph (17)
Scrolls
 b - a scroll of fog
 c - a scroll of fear
 e - 2 scrolls of teleportation
 h - a scroll of magic mapping {unknown}
 i - a scroll of enchant armour {unknown}
 l - a scroll of silence {unknown}
Potions
 d - a potion of haste {unknown}
 j - 2 potions of curing {unknown}
 k - a potion of ambrosia {unknown}
 o - a potion of cancellation {unknown}
 p - a potion of mutation {unknown}


   Skills:
 - Level 3.0 Fighting
 + Level 6.2 Long Blades
 - Level 2.0 Armour
 - Level 2.0 Dodging


You had 4 spell levels left.
You didn't know any spells.
Your spell library was empty.

Dungeon Overview and Level Annotations

Branches:
Dungeon (3/15)

Altars:
Nemelex Xobeh


Message History

The goblin closely misses you. The goblin hits you but does no damage.
You completely miss the goblin. You slash the goblin!
You kill the goblin!
Trog accepts your kill. Robin throws the goblin at you! The goblin misses you.
The endoplasm freezes you.
You are frozen.
* * * LOW HITPOINT WARNING * * *
The goblin hits you with a +0 club.
* * * LOW HITPOINT WARNING * * *
The hobgoblin hits you.
* * * LOW HITPOINT WARNING * * *
You slash Robin!
Robin is severely wounded.
Robin throws the goblin at you! The goblin closely misses you.
The endoplasm closely misses you. The goblin closely misses you.
The hobgoblin completely misses you.
You completely miss Robin.
Robin is severely wounded.
You slash Robin!
You kill Robin!
Trog accepts your kill.
The goblin no longer looks unusually strong.
The goblin misses you. The hobgoblin misses you.
The goblin hits you but does no damage. The endoplasm freezes you.
You are frozen.
* * * LOW HITPOINT WARNING * * *
You barely miss the goblin.
You are no longer berserk.
You are exhausted.
You feel yourself slow down. The goblin hits you but does no damage.
The hobgoblin barely misses you. The goblin closely misses you.
The endoplasm hits you but does no damage.
You closely miss the goblin.
The goblin no longer looks unusually strong.
The goblin hits you but does no damage. The hobgoblin closely misses you.
The goblin hits you with a +0 club.
You die...

... .. .. ).. .. #.### #.. .#
#....##.##.# ...........#
...........# ..# ......g)..# #..
......J@).# #.#.##### .......#
#.....gg#.# #.#.#...### .......#
#.#####.#.# #.#.#...... .......#
#.........# #.#.###.##.
.......###.........# #.#.###.##.
...................# #.#......#.
...................####.#..##.##.
..........#........'.......#.....
..<.......#........####.#..#.####


You could see an endoplasm, a hobgoblin (strong) and 2 goblins.

Vanquished Creatures
  Jessica (D:3)
  Ijyb (D:3)
  Robin (D:3)
  4 gnolls (D:2)
  An adder (D:3)
  A worm (D:2)
  3 dart slugs (D:2)
  2 ball pythons
  6 bats
  9 endoplasms
  3 giant cockroaches
  9 hobgoblins
  3 quokkas
  4 frilled lizards
  9 goblins
  9 kobolds
  4 rats
70 creatures vanquished.

Notes
Turn   | Place    | Note
-------+----------+-------------------------------------------
     0 | D:1      | Kenran the Human Berserker began the quest for the Orb.
     0 | D:1      | Reached XP level 1. HP: 18/18 MP: 1/1
   130 | D:1      | Reached XP level 2. HP: 24/24 MP: 2/2
   374 | D:1      | Reached skill level 4 in Long Blades
   374 | D:1      | Reached XP level 3. HP: 24/29 MP: 3/3
   506 | D:1      | Reached ** piety under Trog
   734 | D:2      | Found a sparkling altar of Nemelex Xobeh.
  1012 | D:2      | Reached XP level 4. HP: 35/35 MP: 4/4
  1021 | D:2      | Reached skill level 5 in Long Blades
  1158 | D:2      | Reached XP level 5. HP: 29/41 MP: 5/5
  1571 | D:3      | Noticed Ijyb
  1588 | D:3      | Killed Ijyb
  1762 | D:3      | Noticed Jessica
  1768 | D:3      | Killed Jessica
  1769 | D:3      | Reached skill level 6 in Long Blades
  1936 | D:3      | Noticed Robin
  1958 | D:3      | Killed Robin
  1960 | D:3      | Slain by a goblin

Illustrated notes

Levels and vault maps discovered:
D:1:      lemuel_arrival_tunnels, layout_basic, dk_noncrumbling_3,
          minmay_misc_feat_rows
D:2:      layout_basic, basic_altar, serial_bayou_crossing
D:3:      layout_basic, uniq_robin, uniq_jessica, uniq_ijyb

Skill      XL: |  1  2  3  4  5 |
---------------+----------------+-----
Long Blades    | 4 5 6 |  6.2
Fighting       | |  3.0
Armour         | |  2.0
Dodging        | |  2.0

Action                     |  1- 3 |  4- 6 || total
---------------------------+-------+-------++-------
  Melee: Falchion          |   131 |   110 ||   241
         Punch             |     1 |     2 ||     3
 Invoke: Berserk           |     1 |     3 ||     4
    Use: Scroll            |     2 |     2 ||     4
   Stab: Sleeping          |     1 |       ||     1
 Armour: Animal skin       |    24 |       ||    24
         Ring mail         |    10 |    35 ||    45
  Dodge: Dodged            |    82 |   118 ||   200

Table legend: (Time is in decaauts)
 A = Elapsed time spent in this place.
 B = Non-inter-level travel time spent in this place.
 C = Inter-level travel time spent in this place.
 D = Time resting spent in this place.
 E = Time spent auto-exploring this place.
 F = Levels seen in this place.
 G = Mean time per level.
                   A        B        C        D        E       F      G
               +--------+--------+--------+--------+--------+-----+--------+
         Total |   1998 |   1970 |     28 |    191 |   1219 |   3 |  666.0 |
       Dungeon |   1998 |   1970 |     28 |    191 |   1219 |   3 |  666.0 |
               +--------+--------+--------+--------+--------+-----+--------+

Top non-repeatable levels by time:
     D:2: 763 daAuts
     D:1: 725 daAuts
     D:3: 509 daAuts
